 Dungeon Crawl Stone Soup version 0.30-a0-168-g0b976cbdc4 (webtiles) character file.

Game seed: 2536304969369262411

55 NinjaNoafa the Conjurer (level 4, 0/10 (36) HPs)
             Began as a Meteoran Reaver on Sept 29, 2022.
             Slain by a gnoll
             ... wielding a +0 spear
              (4 damage)
             ... on level 2 of the Dungeon.
             The game lasted 00:02:08 (597 turns).

NinjaNoafa the Conjurer (Meteoran Reaver)            Turns: 597, Time: 00:02:10

HP:   0/10 (36)     AC:  3    Str: 13    XL:     4   Next: 36%
MP:   9/9           EV: 12    Int: 16    God:
Gold: 78            SH:  0    Dex: 13    Spells: 7/8 levels left

rFire   . . .      SeeInvis .    a - +0 mace
rCold   . . .      Faith    .    (no shield)
rNeg    . . .      Spirit   .    b - +0 leather armour
rPois   .          Reflect  .    (no helmet)
rElec   .          Harm     .    (no cloak)
rCorr   .          Rampage  .    (no gloves)
Will    .....                    (no boots)
Stlth   +.........               (no amulet)
HPRegen 0.03/turn                (no ring)
MPRegen 0.11/turn                (no ring)

@: glowing, extremely drained
A: sense surroundings 1, otherworldly, glowing, explore regen
a: no special abilities


You were on level 2 of the Dungeon.
You visited 1 branch of the dungeon, and saw 2 of its levels.

You collected 78 gold pieces.

Inventory:

Hand Weapons
 a - a +0 mace (weapon)
Missiles
 d - 27 stones
Armour
 b - a +0 leather armour (worn)
 j - the +1 leather armour of Circular Logic {Rampage rElec}
   (You found it on level 2 of the Dungeon)

   rElec:     It insulates you from electricity.
   Rampage:   It bestows one free step when moving towards enemies.
Scrolls
 f - 2 scrolls of fear {unknown}
 g - a scroll of noise {unknown}
 h - a scroll of silence {unknown}
 i - a scroll of identify {unknown}
Potions
 e - a potion of lignification {unknown}


   Skills:
 - Level 2.1 Fighting
 - Level 4.0 Maces & Flails
 - Level 2.4 Dodging
 - Level 2.6 Spellcasting
 + Level 4.7 Conjurations
 + Level 2.5 Necromancy


You had 7 spell levels left.
You knew the following spells:

 Your Spells              Type           Power      Damage    Failure   Level
a - Kiss of Death         Conj/Necr      52%        2d9       5%          1

Your spell library contained the following spells:

 Spells                   Type           Power      Damage    Failure   Level
 Momentum Strike          Conj/Tloc      18%        3d8       14%         2
 Hailstorm                Conj/Ice       9%         3d4       28%         3


Dungeon Overview and Level Annotations

Branches:
Dungeon (2/15) Zot: 581

Altars:


Innate Abilities, Weirdness & Mutations

You passively map a small area around you.
You are easily found by Zot.
You glow in the dark.
You regain HP and MP as you explore.


Message History

Aim: an adder (100% to hit)
The negative energy hits the adder.
The adder is drained!
The adder is almost dead.
You feel drained. The adder closely misses you. The adder bites you.
A bat comes into view.
The adder bites you.
You are poisoned.
The adder poisons you!
You feel sick. The bat hits you but does no damage.
You see here the +1 leather armour of Circular Logic {Rampage rElec}.
j - the +1 leather armour of Circular Logic {Rampage rElec} You feel sick.
The adder bites you but does no damage.
Okay, then.
Casting: Kiss of Death (safe; 6% risk of failure)
Confirm with . or Enter, or press ? or * to list all spells.
Aiming: Kiss of Death (safe; 6% risk of failure)
Press: ? - help, Shift-Dir - straight line, f/p - adder
Aim: an adder (severely wounded, heavily drained, 100% to hit)
The negative energy hits the adder!
The adder is drained!
You kill the adder!
You feel drained.
You feel sick. The bat hits you but does no damage.
The gnoll closely misses you. The gnoll attacks as you move away!
The gnoll completely misses you.
Found a runed short sword.
You feel sick.
You are no longer poisoned.
The bat misses you. The bat closely misses you.
It was a potion of curing.
You feel better. The bat closely misses you.
You hit the kobold.
The kobold is severely wounded.
The bat hits you but does no damage. x2
The kobold hits you with a +2 whip of freezing.
The kobold freezes you. The gnoll closely misses you.
The bat closely misses you.
You hit the kobold.
You kill the kobold!
The bat barely misses you.
The gnoll hits you from afar with a +0 spear.
The bat hits you but does no damage.
The gnoll hits you from afar with a +0 spear.
You die...

................#.......
..).....)........#.....
.......#.###........... *
# #.#...#.#.........#...
.#.#,##.....$#....####...
* .....#......###...#
#... , ........g#..#
#.#.#* ... ,
....##bg#......... ## ...
,##@#.#........ ,
........#.#.........
...#....#.#..... ,,
,#......# .... ,......# ,
, , , , *,..)....., , , *
#...##... ##.. .... , , ,
,


You could see 2 gnolls and a bat.

Vanquished Creatures
  A gnoll (D:2)
  2 adders (D:2)
  A dart slug (D:1)
  3 endoplasms
  A giant cockroach (D:1)
  5 hobgoblins
  A quokka (D:1)
  3 bats
  A frilled lizard (D:2)
  A goblin (D:1)
  6 kobolds
  A rat (D:2)
26 creatures vanquished.

Notes
Turn   | Place    | Note
-------+----------+-------------------------------------------
     0 | D:1      | NinjaNoafa the Meteoran Reaver began the quest for the Orb.
     0 | D:1      | Reached XP level 1. HP: 17/17 MP: 5/5
     8 | D:1      | Noticed a centaur
     8 | D:1      | Noticed a ragged hierophant
     8 | D:1      | Noticed a tyrant leech
     8 | D:1      | Noticed an iguana
   104 | D:1      | Reached XP level 2. HP: 17/24 MP: 6/6
   147 | D:1      | Reached skill level 1 in Necromancy
   395 | D:1      | Reached XP level 3. HP: 18/29 MP: 8/8
   413 | D:1      | Found a faded altar of an unknown god.
   484 | D:1      | Glimpsed the power of Zot.
   586 | D:2      | Reached XP level 4. HP: 8/20 MP: 7/9
   591 | D:2      | Identified the +1 leather armour of Circular Logic {Rampage
                  | rElec}
   597 | D:2      | Slain by a gnoll

Illustrated notes

Levels and vault maps discovered:
D:1:      onia_arrival_zoo_common, layout_loops_corners, serial_aquarium,
          aquarium_bridge_straight [aquarium_subvault_bridge,
          aquarium_subvault_wall, aquarium_subvault_bridge,
          aquarium_subvault_balcony], aquarium_window_fake,
          aquarium_window_corridor_1, aquarium_window_fake, aquarium_view_2d,
          aquarium_view_2b, aquarium_balcony_3b,
          chequers_ecumenical_altar_island, bh_walls_and_bars
D:2:      layout_rooms, st_stairs_1

Skill      XL: |  1  2  3 |
---------------+----------+-----
Necromancy     | 1 2 |  2.5
Conjurations   | 4 |  4.7
Fighting       | |  2.1
Maces & Flails | |  4.0
Dodging        | |  2.4
Spellcasting   | |  2.6

Action                   |  1- 3 |  4- 6 || total
-------------------------+-------+-------++-------
Melee: Mace              |    70 |     2 ||    72
       Punch             |     1 |       ||     1
 Cast: Kiss of Death     |     5 |     2 ||     7
  Use: Potion            |       |     1 ||     1
Armor: Leather armour    |    26 |     6 ||    32
Dodge: Dodged            |    66 |     9 ||    75

Table legend: (Time is in decaauts)
 A = Elapsed time spent in this place.
 B = Non-inter-level travel time spent in this place.
 C = Inter-level travel time spent in this place.
 D = Time resting spent in this place.
 E = Time spent auto-exploring this place.
 F = Levels seen in this place.
 G = Mean time per level.
                   A        B        C        D        E       F      G
               +--------+--------+--------+--------+--------+-----+--------+
         Total |    616 |    601 |     15 |      0 |    382 |   2 |  308.0 |
       Dungeon |    616 |    601 |     15 |      0 |    382 |   2 |  308.0 |
               +--------+--------+--------+--------+--------+-----+--------+

Top non-repeatable levels by time:
     D:1: 517 daAuts
     D:2: 99 daAuts
